 Dungeon Crawl Stone Soup version 0.29.1-15-g9cfb28693d (webtiles) character file.

Game seed: 4391766032297417409

280 KittyFluff the Cudgeller (level 6, 0/57 HPs)
             Began as a Gargoyle Berserker on Apr 10, 2023.
             Was a Believer of Trog.
             Frozen to death by safid's ghost (3 damage)
             ... on level 4 of the Dungeon.
             The game lasted 00:14:42 (4339 turns).

KittyFluff the Cudgeller (Gargoyle Berserker)       Turns: 4339, Time: 00:14:43

Health: 0/57       AC: 17    Str: 20    XL:     6   Next: 27%
Magic:  6/6        EV: 12    Int:  8    God:    Trog [**....]
Gold:   155        SH:  0    Dex: 11    Spells: 5/5 levels left

rFire   . . .      SeeInvis .   s - +0 flail (protect)
rCold   . . .      Faith    .   (no shield)
rNeg    + . .      Spirit   .   p - +0 leather armour
rPois   ∞          Reflect  .   e - +0 helmet
rElec   +          Harm     .   (no cloak)
rCorr   +          Rampage  .   t - +0 pair of gloves
Will    .....                   (no boots)
Stlth   ..........              q - amulet of the acrobat
HPRegen 0.19/turn               b - ring of resist corrosion
MPRegen 0.10/turn               (no ring)

@: berserking, under a protective aura, very quick
A: sickness immunity, AC +4, negative energy resistance 1, electricity
resistance, torment resistance 1, petrification resistance
a: Renounce Religion, Berserk, Trog's Hand


You were on level 4 of the Dungeon.
You worshipped Trog.
Trog was pleased with you.
You visited 1 branch of the dungeon, and saw 4 of its levels.

You collected 155 gold pieces.

Inventory:

Hand Weapons
 a - a +0 mace
 s - a +0 flail of protection (weapon)
Missiles
 c - 56 stones (quivered)
 l - 2 throwing nets
 o - 4 poisoned darts
Armour
 e - a +0 helmet (worn)
 p - a +0 leather armour (worn)
 t - a +0 pair of gloves (worn)
Jewellery
 b - a ring of resist corrosion (left hand)
 q - an amulet of the acrobat (around neck)
Wands
 h - a wand of flame (23)
Scrolls
 i - 3 scrolls of fog
 j - 2 scrolls of torment {unknown}
 m - a scroll of fear {unknown}
 n - a scroll of brand weapon {unknown}
 u - 4 scrolls of teleportation {unknown}
 v - a scroll of immolation {unknown}
Potions
 d - a potion of curing {unknown}
 f - 2 potions of berserk rage
 g - a potion of might
 k - 2 potions of flight
 r - a potion of mutation
 w - a potion of heal wounds {unknown}
 x - a potion of brilliance {unknown}


   Skills:
 + Level 4.2 Fighting
 + Level 5.1 Maces & Flails
 * Level 3.7 Armour
 + Level 2.4 Dodging
 + Level 0.5 Stealth


You had 5 spell levels left.
You didn't know any spells.
Your spell library was empty.

Dungeon Overview and Level Annotations

Branches:
Dungeon (4/15)
 Temple: D:4-7

Altars:
Dithmenos

Shops:
D:1 =!(

Annotations:
D:2 1 runed translucent door, Crazy Yiuf
D:4 1 runed translucent door, safid's ghost, amateur MfIE


Innate Abilities, Weirdness & Mutations

You are immune to sickness and miasma.
Your stone body is resilient. (AC +4)
You are immune to poison.
You resist negative energy. (rN+)
You are resistant to electric shocks. (rElec)
You are resistant to unholy torment.
You are immune to petrification.


Message History

Safid's ghost closely misses you.
You closely miss safid's ghost.
Safid's ghost is lightly damaged.
Safid's ghost closely misses you.
You thump safid's ghost!
Your weapon exudes an aura of protection.
Safid's ghost is heavily damaged.
Safid's ghost freezes you.
You are frozen!
You sock safid's ghost!
Safid's ghost is severely damaged.
Safid's ghost closely misses you.
You closely miss safid's ghost.
Safid's ghost is severely damaged.
Safid's ghost freezes you.
You are frozen.
You barely miss safid's ghost.
Safid's ghost is severely damaged.
Safid's ghost closely misses you.
You miss safid's ghost.
Safid's ghost is severely damaged.
Safid's ghost freezes you.
You are frozen!
Safid's ghost hits you but does no damage.
You hit safid's ghost.
Safid's ghost is severely damaged.
Safid's ghost hits you but does no damage.
You hit safid's ghost.
Safid's ghost is severely damaged.
Safid's ghost freezes you.
You are frozen!
* * * LOW HITPOINT WARNING * * *
A red film seems to cover your vision as you go berserk!
You feel yourself moving faster!
You feel mighty!
Safid's ghost hits you but does no damage.
You closely miss safid's ghost.
Safid's ghost is severely damaged.
Safid's ghost freezes you.
You are frozen.
You die...

##### ##...##
#.....###########
#...............## #
#.....#########... #.
##...........<....
##.##.#########r...##.#####.##
..<..........@Ww...##.# #.#
#######.#########'###.#####.##
#.# #~~~##......... #.#
#~w~###.####.## ##.######
#~~~###.# #.# #.......#
#r~~#.#.# #.# #..####.#
#~?~#.#.####.## #..# #.#
#~~~#.#........ #..# #.#
#~~~#....######


You could see a worm, safid's ghost and a rat.

Vanquished Creatures
  2 necrophages
  4 gnolls (D:3)
  5 adders
  3 worms (D:2)
  2 dart slugs (D:1)
  An orc (D:3)
  6 ball pythons
  5 endoplasms
  2 giant cockroaches
  4 goblins
  5 hobgoblins
  3 jackals (D:4)
  2 quokkas
  7 bats
  A frilled lizard (D:3)
  5 kobolds
  4 rats
61 creatures vanquished.

Vanquished Creatures (others)
  2 plants (D:4)
2 creatures vanquished.

Grand Total: 63 creatures vanquished

Notes
Turn   | Place    | Note
-------+----------+-------------------------------------------
     0 | D:1      | KittyFluff the Gargoyle Berserker began the quest for the
                  | Orb.
     0 | D:1      | Reached XP level 1. HP: 14/14 MP: 1/1
    87 | D:1      | Found Ublukheto's Jewellery Emporium.
   306 | D:1      | Reached XP level 2. HP: 18/19 MP: 2/2
   535 | D:1      | Found Ixtumal's Antique Weapon Boutique.
   660 | D:1      | Found Kohonn's Distillery.
  1127 | D:2      | Reached XP level 3. HP: 18/23 MP: 3/3
  1142 | D:2      | You fall into a shaft and drop 2 floors!
  1176 | D:4      | Found a runed translucent door.
  1181 | D:4      | Noticed safid's ghost (amateur MfIE)
  1230 | D:4      | Found a runed translucent door.
  1343 | D:3      | Found a shadowy altar of Dithmenos.
  1527 | D:3      | Reached ** piety under Trog
  1658 | D:2      | Reached XP level 4. HP: 29/29 MP: 4/4
  2009 | D:2      | Found a runed translucent door.
  2010 | D:2      | Noticed Crazy Yiuf
  2228 | D:2      | Reached skill level 4 in Maces & Flails
  2883 | D:3      | Noticed a necrophage
  2894 | D:3      | Killed a necrophage
  2895 | D:3      | Reached XP level 5. HP: 23/33 MP: 5/5
  4202 | D:4      | Reached skill level 5 in Maces & Flails
  4202 | D:4      | Reached XP level 6. HP: 24/38 MP: 6/6
  4339 | D:4      | Frozen to death by safid's ghost

Illustrated notes

Levels and vault maps discovered:
D:1:      dpeg_arrival_tiny_a, layout_loops_ring, serial_shops, shop,
          shop_statue, shop, minmay_fountain_box
D:2:      layout_basic, uniq_crazy_yiuf_cottage
D:3:      layout_basic, nicolae_dithmenos_shadow_blocks
D:4:      layout_loops_ring, nicolae_vehumet_radiance,
          nicolae_hepliaklqana_hazy_memory, nicolae_wu_jian_glorious_leap,
          ebering_ghost_sewer_f

Skill      XL: |  1  2  3  4  5 |
---------------+----------------+-----
Dodging        | 2 |  2.4
Armour         | 3 |  3.7
Maces & Flails | 4 5 |  5.1
Fighting       | 4 |  4.2
Stealth        | |  0.5

Action                   |  1- 3 |  4- 6 || total
-------------------------+-------+-------++-------
Melee: Mace              |   110 |   118 ||   228
       Punch             |       |     1 ||     1
       Flail             |       |    49 ||    49
Invok: Berserk           |       |     1 ||     1
  Use: Scroll            |       |     5 ||     5
Armor: Animal skin       |    49 |    15 ||    64
       Leather armour    |       |    36 ||    36
Dodge: Dodged            |    76 |   132 ||   208
